 Dungeon Crawl Stone Soup version 0.29-a0-830-gcb1280458a (webtiles) character file.

Game seed: 2771337223723390804

25 Locuples the Sneak (level 2, -2/22 HPs)
             Began as a Demonspawn Brigand on July 12, 2022.
             Slain by an adder (3 damage)
             ... on level 2 of the Dungeon.
             The game lasted 00:01:51 (1103 turns).

Locuples the Sneak (Demonspawn Brigand)             Turns: 1103, Time: 00:01:52

Health: -2/22      AC:  3    Str:  9 (11) XL:     2   Next: 86%
Magic:  2/2        EV: 11    Int: 10 (12) God:
Gold:   63         SH:  4    Dex: 12 (14) Spells: 1/1 levels left

rFire   . . .      SeeInvis .   a - +2 dagger
rCold   . . .      Faith    .   (no shield)
rNeg    . . .      Spirit   .   b - +0 robe
rPois   .          Reflect  .   (no helmet)
rElec   .          Harm     .   c - +0 cloak
rCorr   .          Rampage  .   (no gloves)
Will    .....                   (no boots)
Stlth   +++.......              (no amulet)
HPRegen 0.07/turn               (no ring)
MPRegen 0.08/turn               (no ring)

@: lethally poisoned (-2 -> -4)
A: condensation shield
a: no special abilities


You were on level 2 of the Dungeon.
You visited 1 branch of the dungeon, and saw 2 of its levels.

You collected 63 gold pieces.

Inventory:

Hand Weapons
 a - a +2 dagger (weapon)
Missiles
 d - 9 poisoned darts (quivered)
 e - 3 curare-tipped darts
Armour
 b - a +0 robe (worn)
 c - a +0 cloak (worn)
Jewellery
 i - an amulet of the acrobat
Scrolls
 g - a scroll of identify {unknown}
 h - a scroll of immolation {unknown}
Potions
 f - a potion of degeneration


   Skills:
 + Level 2.0 Fighting
 + Level 1.9 Short Blades
 - Level 1.7 Throwing
 + Level 0.8 Dodging
 * Level 4.5 Stealth


You had one spell level left.
You didn't know any spells.
Your spell library contained the following spells:

 Spells                   Type           Power      Damage    Failure   Level
 Apportation              Tloc           0%         N/A       36%         1
 Inner Flame              Hex/Fire       0%         N/A       75%         3
 Ozocubu's Armour         Ice            0%         N/A       75%         3
 Cause Fear               Hex            0%         N/A       98%         4
 Alistair's Intoxication  Tmut/Pois      0%         N/A       100%        5
 Ozocubu's Refrigeration  Ice            0%         4d5       100%        7
 Discord                  Hex            0%         N/A       100%        8


Dungeon Overview and Level Annotations

Branches:
Dungeon (2/15)

Altars:


Innate Abilities, Weirdness & Mutations

A meltable shield of frost defends you. (SH +4)


Message History

You kill the hobgoblin!
An endoplasm comes into view.
The endoplasm quivers.
The adder bites you.
You closely miss the adder. The adder closely misses you.
You barely miss the adder. The adder bites you.
You barely miss the adder. The adder bites you.
You are poisoned.
The adder poisons you!
You closely miss the adder.
You feel sick. The adder bites you.
You are more poisoned.
The adder poisons you! You block the adder's attack.
You closely miss the adder.
You feel very sick.
A frilled lizard comes into view.
The adder barely misses you.
You hit the adder.
The adder is heavily wounded.
You feel sick. The adder barely misses you.
You feel sick.
You hit the adder.
The adder is severely wounded.
You feel sick. The adder bites you but does no damage.
The adder attacks as you move away! The adder bites you.
* * * LOW HITPOINT WARNING * * *
x2 You feel sick.
The adder bites you.
* * * LOW HITPOINT WARNING * * *
The adder attacks as you move away! The adder closely misses you.
* * * LOW HITPOINT WARNING * * *
You feel sick.
It was a potion of degeneration.
There was something very wrong with that liquid.
You feel weakened.
You feel dopey.
You feel clumsy.
* * * LOW HITPOINT WARNING * * *
You feel sick. The adder bites you but does no damage.
You closely miss the adder.
The adder is severely wounded.
* * * LOW HITPOINT WARNING * * *
You feel sick. The adder bites you.
You die...

.... .# ...
.# . .. .#
#.. .## .#..
#.##!. #J#.##
#..#..†# #
#.###S#(...#
....#.@##
####
##...##.##.#
............#
#########.###
#.# #.# #.#
#.# #.#


You could see an adder.

Vanquished Creatures
  3 dart slugs
  A ball python (D:1)
  An endoplasm (D:1)
  2 goblins (D:1)
  5 hobgoblins
  A bat (D:1)
  3 frilled lizards (D:1)
  A kobold (D:1)
  2 rats
19 creatures vanquished.

Notes
Turn   | Place    | Note
-------+----------+-------------------------------------------
     0 | D:1      | Locuples the Demonspawn Brigand began the quest for the
                  | Orb.
     0 | D:1      | Reached XP level 1. HP: 16/16 MP: 1/1
    93 | D:1      | Reached skill level 4 in Stealth
   101 | D:1      | Gained mutation: A meltable shield of frost defends you.
                  | (SH +4) [demonic ancestry]
   101 | D:1      | Reached XP level 2. HP: 9/22 MP: 2/2
   507 | D:1      | Found a faded altar of an unknown god.
  1103 | D:2      | HP: 1/22 [poisoned by an adder]
  1103 | D:2      | Slain by an adder

Illustrated notes

Levels and vault maps discovered:
D:1:      erik_arrival_blinker_ship, layout_basic,
          chequers_ecumenical_altar_twisty
D:2:      minmay_roachtagon, layout_basic, kennysheep_small_spiral,
          minmay_pentomino_r4

Skill      XL: |  1 |
---------------+----+-----
Stealth        | 4 |  4.5
Fighting       | |  2.0
Short Blades   | |  1.9
Throwing       | |  1.7
Dodging        | |  0.8

Action                   || total
-------------------------++-------
Melee: Dagger            ||    60
  Use: Potion            ||     1
 Stab: Sleeping          ||     8
Armor: Robe              ||    17
Dodge: Dodged            ||    32
Block: Other             ||     3

Table legend: (Time is in decaauts)
 A = Elapsed time spent in this place.
 B = Non-inter-level travel time spent in this place.
 C = Inter-level travel time spent in this place.
 D = Time resting spent in this place.
 E = Time spent auto-exploring this place.
 F = Levels seen in this place.
 G = Mean time per level.
                   A        B        C        D        E       F      G
               +--------+--------+--------+--------+--------+-----+--------+
         Total |   1097 |   1097 |      0 |      0 |    893 |   2 |  548.5 |
       Dungeon |   1097 |   1097 |      0 |      0 |    893 |   2 |  548.5 |
               +--------+--------+--------+--------+--------+-----+--------+

Top non-repeatable levels by time:
     D:1: 990 daAuts
     D:2: 107 daAuts
